 Dungeon Crawl Stone Soup version 0.30.1-11-g7821555f0a (webtiles) character file.

Game seed: 11949514406432372301

216 monsoonserge the Gusty (level 5, -4/28 HPs)
             Began as a Tengu Air Elementalist on Nov 27, 2023.
             Slain by an iguana (10 damage)
             ... on level 5 of the Dungeon.
             The game lasted 00:14:49 (3979 turns).

monsoonserge the Gusty (Tengu Air Elementalist)     Turns: 3979, Time: 00:14:50

Health: -4/28      AC:  4    Str:  8    XL:     5   Next: 93%
Magic:  2/10       EV: 19    Int: 17    God:
Gold:   166        SH:  0    Dex: 15    Spells: 2/10 levels left

rFire   . . .        t - +1 dagger (vamp)
rCold   . . .        (no shield)
rNeg    . . .        m - +0 leather armour
rPois   .            (helmet restricted)
rElec   .            p - +0 cloak
rCorr   .            (no gloves)
SInv    .            (boots unavailable)
Will    .....        (no amulet)
Stlth   ++           e - +5 ring of evasion
HPRegen 0.24/turn    (no ring)
MPRegen 0.12/turn

%: no passive effects
@: flying quickly and evasively, very slightly contaminated, quick
A: beak, talons 3, nimble flight
a: no special abilities


You were on level 5 of the Dungeon.
You visited 1 branch of the dungeon, and saw 5 of its levels.

You collected 166 gold pieces.

Inventory:

Hand Weapons
 g - a +0 short sword
 t - a +1 vampiric dagger (weapon)
Missiles
 j - 12 poisoned darts (quivered)
Armour
 a - a +0 robe
 m - a +0 leather armour (worn)
 p - a +0 cloak (worn)
 z - a +0 ring mail
Magical Staves
 q - a staff of cold
Jewellery
 e - a +5 ring of evasion (left hand)
 f - a ring of protection from fire
Wands
 r - a wand of polymorph (13)
 y - a wand of flame (19)
 C - a wand of iceblast (6)
Scrolls
 h - 6 scrolls of identify {unknown}
 i - 3 scrolls of teleportation {unknown}
 k - a scroll of blinking {unknown}
 l - 2 scrolls of vulnerability {unknown}
 o - a scroll of amnesia {unknown}
 s - 3 scrolls of torment {unknown}
 w - 2 scrolls of immolation {unknown}
 A - a scroll of fear {unknown}
Potions
 b - a potion of magic
 c - 3 potions of attraction {unknown}
 d - 2 potions of flight {unknown}
 n - a potion of cancellation {unknown}
 u - 2 potions of mutation {unknown}
 v - a potion of berserk rage {unknown}
 x - a potion of heal wounds {unknown}
 B - a potion of lignification {unknown}
 D - a potion of curing {unknown}


   Skills:
 * Level 0.3 Fighting
 + Level 0.3 Short Blades
 * Level 0.3 Throwing
 * Level 2.1 Armour
 + Level 2.5 Dodging
 + Level 2.6 Stealth
 - Level 3.0 Spellcasting
 + Level 3.1 Conjurations
 + Level 5.5 Air Magic
 * Level 0.3 Evocations


You had 2 spell levels left.
You knew the following spells:

 Your Spells              Type           Power      Damage    Failure   Level
a - Shock                 Conj/Air       68%        1d7       4%          1
b - Swiftness             Air            21%        N/A       8%          3
c - Airstrike             Air            10%        2d(2-18)  24%         4

Your spell library contained the following spells:

 Spells                   Type           Power      Damage    Failure   Level
 Static Discharge         Conj/Air       34%        2-4/arc   6%          2
 Apportation              Tloc           4%         N/A       24%         1
 Stone Arrow              Conj/Erth      14%        3d7       36%         3
 Portal Projectile        Hex/Tloc       4%         N/A       58%         3
 Tukima's Dance           Hex            2%         N/A       58%         3
 Animate Armour           Summ/Erth      4%         N/A       94%         4
 Alistair's Intoxication  Tmut/Pois      1%         N/A       100%        5
 Blade Hands              Tmut           1%         N/A       100%        5
 Lehudib's Crystal Spear  Conj/Erth      3%         10d3      100%        8


Dungeon Overview and Level Annotations

Branches:
Dungeon (5/15)
 Temple: D:4-7

Altars:
Fedhas
Gozag
Kikubaaqudgha
Ru

Shops:
D:4 (


Innate Abilities, Weirdness & Mutations

You have a beak for a mouth.
You have claws for feet.
Your magical nature lets you fly swiftly and evasively.


Message History

Press: ? - help, Shift-Dir - straight line, f/p - iguana
Aim: an iguana (heavily wounded, 75% to hit)
The zap hits the iguana.
The iguana is severely wounded.
The iguana misses you.
Unknown command.
Casting: Shock (safe; 4% risk of failure)
Confirm with . or Enter, or press ? or * to list all spells.
Aiming: Shock (safe; 4% risk of failure)
Press: ? - help, Shift-Dir - straight line, f/p - iguana
Aim: an iguana (severely wounded, 75% to hit)
The zap hits the iguana.
The iguana is almost dead.
The iguana bites you!
Unknown command.
Casting: Shock (safe; 4% risk of failure)
Confirm with . or Enter, or press ? or * to list all spells.
Aiming: Shock (safe; 4% risk of failure)
Press: ? - help, Shift-Dir - straight line, f/p - iguana
Aim: an iguana (almost dead, 75% to hit)
You miscast Shock.
You are very lightly contaminated with residual magic.
Nothing appears to happen.
The iguana bites you but does no damage.
You closely miss the iguana. You peck the iguana, but do no damage.
The iguana is almost dead.
The iguana completely misses you.
You hit the iguana but do no damage. Your kick misses the iguana.
You peck the iguana.
The iguana is almost dead.
The iguana closely misses you.
You barely miss the iguana.
The iguana is almost dead.
The iguana bites you!
* * * LOW HITPOINT WARNING * * *
You barely miss the iguana. Your kick misses the iguana.
Your peck misses the iguana.
The iguana is almost dead.
The iguana bites you!
You die...

.. .# . .. ..
.##. #... ..###
# ##l...#
##.##########@.#
........#.....##
..........#####
.......<########
........).......
...^....########
.....(..#
#########


You could see an iguana.

Vanquished Creatures
  A jelly (D:2)
  An orc priest (D:4)
  Robin (D:4)
  3 adders
  A dart slug (D:3)
  15 orcs
  9 ball pythons
  12 endoplasms
  A giant cockroach (D:1)
  10 goblins
  9 hobgoblins
  4 jackals (D:3)
  3 quokkas
  4 bats
  A frilled lizard (D:1)
  15 kobolds
  5 rats
95 creatures vanquished.

Notes
Turn   | Place    | Note
-------+----------+-------------------------------------------
     0 | D:1      | monsoonserge the Tengu Air Elementalist began the quest for
                  | the Orb.
     0 | D:1      | Reached XP level 1. HP: 10/10 MP: 4/4
   210 | D:1      | Reached XP level 2. HP: 15/15 MP: 3/6
   631 | D:1      | Reached XP level 3. HP: 19/19 MP: 4/7
   635 | D:1      | Learned a level 3 spell: Swiftness
  1753 | D:2      | Reached skill level 5 in Air Magic
  1766 | D:2      | Reached XP level 4. HP: 23/24 MP: 0/9
  2019 | D:2      | Reached skill level 1 in Armour
  2199 | D:3      | Learned a level 4 spell: Airstrike
  2408 | D:3      | Found an opulent altar of Gozag.
  2492 | D:3      | Gained mutation: Your magical nature lets you fly swiftly
                  | and evasively. [Tengu growth]
  2492 | D:3      | Reached XP level 5. HP: 28/28 MP: 1/10
  2724 | D:3      | Found a blossoming altar of Fedhas.
  2729 | D:3      | Found a sacrificial altar of Ru.
  2734 | D:3      | Found an ancient bone altar of Kikubaaqudgha.
  3110 | D:4      | Noticed Robin
  3112 | D:4      | Noticed Ijyb
  3259 | D:4      | Killed Robin
  3542 | D:4      | Ijyb changed into Ijyb the ball python
  3542 | D:4      | Noticed Ijyb
  3543 | D:4      | Killed Ijyb the ball python
  3888 | D:4      | Found Afupu's Weapon Shop.
  3915 | D:5      | Entered Level 5 of the Dungeon
  3979 | D:5      | Slain by an iguana

Illustrated notes

Levels and vault maps discovered:
D:1:      grunt_arrival_lava_bath, layout_loops_ring, hangedman_decor_slide_cut,
          minmay_bisected
D:2:      cheibrodos_fertilizer, layout_basic, nicolae_kite_square_tiling_tiny
D:3:      layout_rooms, lemuel_coloured_pillars_altar,
          grunt_temple_overflow_diamond
D:4:      layout_basic, serial_shops, kennysheep_little_box,
          nicolae_goblin_pals, uniq_robin
D:5:      layout_rooms, minmay_temple_entry_slanted, minmay_crystal_room,
          corexii_hall_statues_l, chequers_avenue

Skill      XL: |  1  2  3  4  5 |
---------------+----------------+-----
Air Magic      | 5 |  5.5
Conjurations   | 2 3 |  3.1
Armour         | 1 2 |  2.1
Spellcasting   | 3 |  3.0
Fighting       | |  0.3
Short Blades   | |  0.3
Throwing       | |  0.3
Dodging        | |  2.5
Stealth        | |  2.6
Evocations     | |  0.3

Action                     |  1- 3 |  4- 6 || total
---------------------------+-------+-------++-------
  Melee: Short sword       |    14 |       ||    14
         Peck              |     2 |     7 ||     9
         Unarmed           |     1 |       ||     1
         Kick              |     3 |     3 ||     6
         Dagger            |       |    23 ||    23
  Throw: Dart              |       |     2 ||     2
   Cast: Shock             |    60 |   112 ||   172
         Airstrike         |       |     2 ||     2
  Evoke: Wand              |       |     2 ||     2
   Stab: Sleeping          |     3 |       ||     3
 Armour: Robe              |     1 |       ||     1
         Leather armour    |     2 |     8 ||    10
  Dodge: Dodged            |    23 |    50 ||    73
